Map: Помечтай РВ

Players

Dobro

  • Race: Terran Terran
  • League: Master
  • Spawn Location: 7:00

ИИ 1 (новичок) - Winner!

  • Race: Terran Terran
  • Spawn Location: 1:00

VOD

Have the link to the VOD?

Description

Time

  • Played on: May 13, 2020, 1:33 p.m.
  • Length: 11:18
Show
View Real Time Build Order
Export as new Build Order

Dobro Terran 

Build Orders:  

Get SALT Encoding   

  12  0:01  SCV  
  13  0:13  SCV  
  14  0:17  Supply Depot  
  14  0:25  SCV  
  14  0:27  Refinery  
  15  0:39  SCV  
  16  0:44  Barracks  
  16  0:51  SCV  
  17  0:58  Refinery  
  17  1:03  SCV  
  18  1:15  SCV  
  19  1:30  Orbital Command  
  19  1:32  Factory  
  19  1:35  Reaper  
  20  1:43  Supply Depot  
  20  1:57  SCV  
  21  2:07  Reaper  
  22  2:09  SCV  
  23  2:17  Hellion  
  25  2:23  Command Center  
  25  2:28  SCV  
  26  2:34  Starport  
  26  2:39  Reaper  
  26  2:41  Hellion  
  29  2:46  Supply Depot  
  29  2:50  SCV  
  30  3:02  SCV  
  31  3:07  Factory Tech Lab  
  31  3:11  Barracks Reactor  
  31  3:12  Starport Tech Lab  
  31  3:20  SCV  
  31  3:22  Refinery  
  32  3:27  Cyclone  
  35  3:35  Orbital Command  
  35  3:38  SCV  
  36  3:47  Marine  
  36  3:48  Marine  
  38  3:50  SCV  
  38  3:53  Raven  
  41  4:02  SCV x2  
  43  4:06  Marine x2  
  43  4:08  Siege Tank  
  48  4:14  SCV x2  
  50  4:26  SCV x2  
  52  4:35  Supply Depot  
  52  4:38  SCV x2  
  52  4:44  Command Center  
  54  4:49  Raven  
  50  5:00  SCV x2  
  50  5:04  Refinery  
  50  5:05  Marine x2  
  50  5:06  Siege Tank  
  57  5:12  SCV x2  
  59  5:16  Supply Depot  
  59  5:19  Supply Depot  
  59  5:24  SCV x2  
  62  5:36  SCV  
  62  5:37  SCV  
  62  5:38  Siege Tank  
  66  5:43  Viking x2  
  66  5:47  Stimpack, Supply Depot  
  70  5:53  Engineering Bay  
  70  5:54  Engineering Bay  
  70  5:55  Barracks  
  70  5:56  Barracks  
  70  5:58  Orbital Command  
  70  6:03  Marine  
  71  6:04  SCV  
  71  6:11  SCV, Siege Tank  
  75  6:13  Viking  
  78  6:19  SCV, Orbital Command  
  78  6:23  Terran Infantry Weapons Level 1, SCV, Terran Infantry Armor Level 1  
  80  6:34  SCV  
  80  6:35  SCV  
  80  6:39  Viking  
  84  6:43  Marine, Viking, Siege Tank  
  90  6:49  Refinery, SCV x2  
  90  6:50  SCV  
  93  6:54  Barracks Reactor x2  
  93  6:59  Refinery  
  93  7:01  SCV, Barracks  
  93  7:03  Barracks  
  94  7:12  Viking  
  94  7:13  Viking  
  98  7:17  SCV x3  
  101  7:28  Combat Shield  
  101  7:40  Marine x2, SCV x3  
  101  7:41  Marine, Supply Depot x2  
  101  7:42  Supply Depot  
  107  7:46  Medivac  
  109  7:59  Barracks Reactor x2  
  109  8:02  SCV, Medivac, Siege Tank  
  109  8:04  SCV  
  109  8:05  SCV, Factory  
  117  8:09  Sensor Tower  
  117  8:12  Armory  
  117  8:14  SCV  
  117  8:17  SCV x2  
  120  8:23  Marine  
  120  8:24  Marine x4  
  120  8:25  Medivac  
  120  8:26  SCV  
  128  8:31  Supply Depot  
  128  8:32  Medivac, Supply Depot x2  
  130  8:34  Supply Depot x2  
  130  8:41  Marine  
  130  8:42  Marine x2  
  133  8:53  Marine x2  
  135  8:59  Marine x2  
  137  9:10  SCV x2  
  137  9:11  SCV  
  137  9:12  Marine x7  
  137  9:15  Factory Tech Lab  
  147  9:17  Marine x2  
  147  9:20  Medivac x2, Siege Tank  
  147  9:23  Terran Vehicle Weapons Level 1  
  156  9:26  Supply Depot  
  156  9:28  Supply Depot  
  156  9:29  Supply Depot x2  
  156  9:30  Marine x3  
  159  9:39  Command Center  
  159  9:50  Viking x2  
  163  10:33  Marine  
  163  10:34  Marine x8  
  163  10:35  Siege Tank x2  
  175  10:36  Viking  
  175  10:37  Viking  
  182  10:44  Refinery  
  182  10:47  Refinery, Command Center x2  
  182  10:48  Starport x2  
  182  10:51  Marine  
  182  10:52  Marine x3  
Show
View Real Time Build Order
Export as new Build Order

ИИ 1 (новичок) Terran - Winner!

Build Orders:  

Get SALT Encoding   

  12  0:00  SCV  
  13  0:13  SCV  
  14  0:18  Supply Depot  
  14  0:37  Refinery  
  14  0:41  Barracks  
  14  1:03  Supply Depot  
  14  1:12  Refinery  
  14  1:28  Barracks Tech Lab  
  14  1:30  Orbital Command  
  14  1:46  Marine  
  15  1:55  SCV  
  16  2:07  SCV  
  17  2:19  SCV  
  18  2:30  Marine  
  18  2:32  SCV  
  20  2:44  SCV  
  21  2:56  SCV  
  22  3:14  Marauder  
  23  4:17  SCV  
  24  6:33  SCV  
  24  6:34  Marine  
  24  6:36  Supply Depot  
  24  6:39  Command Center, Factory  
  26  6:45  SCV  
  27  6:58  SCV  
  27  7:00  Supply Depot  
  28  7:07  Marine  
  29  7:10  SCV  
  29  7:22  SCV  
  27  7:25  Starport  
  27  7:40  Marine  
  28  7:52  SCV  
  29  7:59  SCV  
  29  8:00  Refinery  
  29  8:02  Refinery  
  29  8:03  Starport Tech Lab  
  30  8:06  SCV  
  31  8:13  Marine  
  31  8:14  SCV  
  33  8:21  SCV  
  33  8:23  Raven  
  36  8:28  SCV  
  37  8:36  SCV  
  37  8:43  SCV  
  37  8:46  Marine  
  39  8:50  SCV  
  36  8:57  SCV  
  37  9:04  SCV  
  37  9:06  Raven  
  39  9:12  SCV  
  39  9:15  Hellion  
  40  9:19  SCV  
  41  9:26  SCV  
  42  9:33  SCV  
  43  9:40  SCV  
  42  9:48  Marauder  
  42  9:49  Raven  
  46  9:54  Supply Depot  
  46  10:16  SCV  
  46  10:17  Hellion  
  42  10:23  SCV  
  39  10:30  SCV  
  39  10:37  SCV  
  36  10:45  SCV, Marauder  
  36  10:47  Refinery  
  36  10:52  SCV  
  37  10:59  SCV  
  37  11:01  Refinery  
Tags
 
Add a new tag
Caveats
  • Supply blocks, unpowered buildings, or Contaminate may cause inaccurate times.
  • Supply counts are checked every 10 seconds.